AoeStats
← Roba Niños45

Nomad

508396002Analyzed
4v4 RM · 12d ago on Sep 22, 2026· 42m 46s· 8 players
Game mode
Random Map
Map size
231×231
Population
200
Speed
Normal
Resources
Standard
Victory
Conquest
Starting age
Dark Age
Ending age
Imperial Age
RankedLock teamsTeams togetherTeam positionsShared explorationLock speedFull tech treeHidden civsTurbo modeCheats
Victory
Defeat
🇲🇽 Chinese · Mexico
1518
+12
🇹🇼 Berbers · Taiwan
1454
+15
🇨🇳 Persians · China
1430
+16
🇨🇳 Britons · China
1350
+18
🇨🇳 Khmer · China
1519
-19
🇨🇳 Persians · China
1475
-17
🇨🇳 Vietnamese · China
1445
-16
🇨🇳 Poles · China
1244
-9
Miru
3:51 Loom
13:11 Feudal Age
18:02 Castle Age
16:05 Double-Bit Axe
17:18 Forging
17:14 Scale Barding Armor
19:07 Chain Barding Armor
18:59 Bow Saw
19:35 Gold Mining
20:25 Bloodlines
21:46 Horse Collar
24:17 Husbandry
26:19 Town Watch
29:01 Wheelbarrow
30:04 Gold Shaft Mining
34:48 Imperial Age
33:28 Iron Casting
35:15 Ballistics
35:07 Heavy Camel Rider
36:30 Hand Cart
37:06 Plate Barding Armor
41:02 Blast Furnace
41:01 Conscription
40:30 Cavalier
42:49 Heavy Plow
42:42 Town Watch
Roba Niños45
3:21 Loom
14:14 Feudal Age
19:06 Castle Age
17:35 Stone Mining
17:43 Fishing Lines
18:51 Horse Collar
18:58 Double-Bit Axe
22:05 Fletching
22:52 Bodkin Arrow
24:23 Bow Saw
24:19 Padded Archer Armor
27:15 Ballistics
27:42 Gold Mining
29:39 Leather Archer Armor
39:02 Imperial Age
38:49 Wheelbarrow
37:59 Town Watch
39:17 Capped Ram
41:12 Bracer
42:46 Chemistry
Element-Dy
7:41 Loom
12:28 Feudal Age
13:36 Fishing Lines
14:15 Town Watch
17:37 Wheelbarrow
20:03 Castle Age
20:07 Gold Mining
20:09 Stone Mining
21:20 Medium Warships
21:35 Double-Bit Axe
26:48 Hand Cart
26:24 Gillnets
33:00 Scale Barding Armor
33:42 Fletching
38:46 Chain Barding Armor
38:37 Forging
43:35 Imperial Age
42:06 Iron Casting
42:39 Kamandaran
老头
5:15 Loom
13:30 Feudal Age
18:11 Castle Age
16:22 Double-Bit Axe
16:54 Horse Collar
19:24 Bow Saw
20:47 Fishing Lines
24:12 Heavy Plow
25:35 Gillnets
25:48 Stone Mining
26:54 Wheelbarrow
26:42 Gold Mining
27:17 Fletching
27:28 Padded Archer Armor
28:05 Bodkin Arrow
28:51 Ballistics
29:39 Hand Cart
32:53 Imperial Age
33:15 Elite Longbowman
34:25 Leather Archer Armor
36:12 Chemistry
35:16 Bracer
35:47 Ring Archer Armor
41:23 Scale Barding Armor
41:29 Forging
6988
4:48 Loom
14:13 Feudal Age
14:59 Double-Bit Axe
17:55 Fletching
17:54 Horse Collar
24:22 Castle Age
23:29 Gold Mining
28:24 Bodkin Arrow
32:34 Padded Archer Armor
35:14 Bow Saw
42:18 Imperial Age
41:44 Leather Archer Armor
acyhjujaxuzjkt
4:57 Loom
14:48 Feudal Age
17:47 Castle Age
15:42 Double-Bit Axe
16:12 Horse Collar
16:29 Gold Mining
18:43 Bow Saw
19:11 Heavy Plow
20:05 Wheelbarrow
25:38 Hand Cart
26:51 Gold Shaft Mining
26:22 Fletching
31:20 Imperial Age
28:41 Town Watch
29:02 Scale Barding Armor
29:13 Husbandry
29:23 Bloodlines
29:37 Forging
30:50 Chain Barding Armor
31:35 Iron Casting
31:23 Cavalier
32:44 Plate Barding Armor
32:31 Conscription
34:15 Blast Furnace
34:22 Crop Rotation
肥肠拌面
4:03 Loom
13:40 Feudal Age
18:13 Castle Age
17:08 Double-Bit Axe
19:37 Bow Saw
21:09 Scale Barding Armor
21:14 Forging
23:11 Husbandry
23:21 Bloodlines
24:45 Fishing Lines
27:53 Horse Collar
28:50 Heavy Plow
28:53 Gillnets
31:03 Chain Barding Armor
时尚
4:52 Loom
13:50 Feudal Age
14:25 Horse Collar
17:28 Castle Age
16:58 Double-Bit Axe
18:22 Bow Saw
18:15 Heavy Plow
19:31 Wheelbarrow
19:50 Stone Mining
21:40 Pikeman
22:28 Fletching
29:00 Gold Mining
31:00 Szlachta Privileges
31:34 Husbandry
31:44 Bloodlines
31:58 Scale Barding Armor
32:11 Forging
34:03 Chain Barding Armor
34:56 Iron Casting
34:54 Hand Cart
39:29 Imperial Age
38:24 Stone Shaft Mining
38:12 Scale Mail Armor
39:35 Cavalier
41:19 Blast Furnace
Connection lost

Rejoining the realm…

Still unreachable

The connection could not be restored.

Session expired

The server has moved on; the page needs a fresh start.